 Dungeon Crawl Stone Soup version 0.20.1-1-g8b1a95d (webtiles) character file.

301 karf the Conjurer (level 6, -1/32 HPs)
             Began as a Deep Elf Conjurer on Oct 28, 2017.
             Slain by a gnoll
             ... wielding a +1 trident of venom
              (4 damage)
             ... on level 4 of the Dungeon.
             The game lasted 00:15:37 (3857 turns).

karf the Conjurer (Deep Elf Conjurer)               Turns: 3857, Time: 00:15:37

Health: -1/32      AC:  2    Str:  5    XL:     6   Next: 14%
Magic:  0/14       EV: 14    Int: 22    God:
Gold:   233        SH:  0    Dex: 15    Spells: 8/13 levels left

rFire    . . .     SeeInvis .   p - +2 short sword (drain)
rCold    . . .     Gourm    .   (no shield)
rNeg     . . .     Faith    .   a - +0 robe
rPois    .         Spirit   +   (no helmet)
rElec    .         Reflect  .   (no cloak)
rCorr    .         Harm     .   (no gloves)
MR       .....                  (no boots)
Stlth    +++.......             d - amulet of guardian spirit
Regen    0.1/turn               (no ring)
MPRegen  0.2/turn               (no ring)

@: lethally poisoned (-1 -> -7), about to teleport
A: no striking features
a: no special abilities


You were on level 4 of the Dungeon.
You were hungry.

You visited 1 branch of the dungeon, and saw 4 of its levels.

You collected 233 gold pieces.

Inventory:

Hand Weapons
 p - a +2 short sword of draining (weapon)
Armour
 a - a +0 robe (worn)
Jewellery
 d - an amulet of guardian spirit (around neck)
Wands
 j - a wand of flame (8/48)
Scrolls
 e - a scroll of fear {unknown}
 f - a scroll of remove curse
 n - a scroll of enchant armour {unknown}
Potions
 g - a potion of mutation
 i - a potion of curing
 k - a potion of resistance
 o - a potion of ambrosia {unknown}
Books
 b - a book of Conjurations

   Spells                             Type                      Level
   a - Magic Dart                     Conjuration                  1
   b - Searing Ray                    Conjuration                  2
   c - Dazzling Spray                 Conjuration/Hexes            3
   d - Fulminant Prism                Conjuration/Hexes            4
   e - Force Lance                    Conjuration/Translocation    4
   f - Iskenderun's Mystic Blast      Conjuration                  4
Comestibles
 c - 3 bread rations
 h - a meat ration
 m - a royal jelly
 q - a chunk of flesh


   Skills:
 - Level 3.7 Dodging
 + Level 4.6 Stealth
 + Level 4.3 Spellcasting
 + Level 6.2 Conjurations
 * Level 1.0 Translocations


You had 8 spell levels left.
You knew the following spells:

 Your Spells              Type           Power        Failure   Level  Hunger
a - Magic Dart            Conj           ####         1%          1    None
b - Force Lance           Conj/Tloc      ###.....     24%         4    ####...


Dungeon Overview and Level Annotations

Branches:
Dungeon (4/15)             Temple (0/1) D:4

Altars:
Okawaru
Sif Muna
Zin

Annotations:
D:1 Terence


Message History

The gnoll's wounds heal themselves!
The gnoll hits you from afar with a trident of venom!
* * * LOW HITPOINT WARNING * * *
You are lethally poisoned!
As you read the scroll labeled QOFFUH EWNIARPH, it crumbles to dust.
You feel strangely unstable.
It was a scroll of teleportation.
* * * LOW HITPOINT WARNING * * *
You feel sick. The gnoll barely misses you.
The gnoll hits you from afar with a trident of venom.
* * * LOW HITPOINT WARNING * * *
You are more poisoned.
The gnoll barely misses you.
You feel better. The gnoll barely misses you.
The gnoll hits you from afar with a trident of venom!
* * * LOW HITPOINT WARNING * * *
You are lethally poisoned!
* * * LOW HITPOINT WARNING * * *
You feel sick. The gnoll barely misses you.
The gnoll hits you from afar with a trident of venom.
You die...

##.####.# #......#
#...# #......#
######## ##.##
#.##############
#...# #..#
#.......# #...#
##.# #.......#
#...# #.#
#.......######.###
#.#
#.รท...............
#.#
#....g..######.###
##.# #@.g....# #.#
#..# #..g....#
###.# #.##
############...#
#.# #......##.###
#.# #.####.##.#
#.####
#.####.##.#####
##.##.##
#.##......##...
#....#.##
#.##<#.#####.##
##......####......#
#.#)


You could see a gnoll shaman and 2 gnolls.

Vanquished Creatures
  A hound (D:4)
  A bullfrog skeleton (D:4)
  Jessica (D:2)
  An orc wizard (D:4)
  A worker ant (D:4)
  Robin (D:2)
  2 gnolls (D:4)
  4 adders
  4 worms
  3 leopard geckos
  10 orcs
  2 giant cockroaches
  13 hobgoblins
  4 jackals
  A quokka (D:2)
  7 bats
  5 frilled lizards
  11 goblins
  5 kobolds (D:3)
  7 rats
84 creatures vanquished.

Notes
Turn   | Place    | Note
-------+----------+-------------------------------------------
     0 | D:1      | karf the Deep Elf Conjurer began the quest for the Orb.
     0 | D:1      | Reached XP level 1. HP: 10/10 MP: 6/6
   464 | D:1      | Reached XP level 2. HP: 15/15 MP: 5/8
  1003 | D:2      | Noticed Terence
  1215 | D:2      | Noticed Jessica
  1221 | D:2      | Killed Jessica
  1221 | D:2      | Reached XP level 3. HP: 15/19 MP: 1/10
  1312 | D:2      | Found a deep blue altar of Sif Muna.
  1492 | D:2      | Reached skill level 5 in Conjurations
  1591 | D:2      | Noticed Robin
  1724 | D:2      | Reached XP level 4. HP: 22/24 MP: 2/11
  1748 | D:2      | Killed Robin
  2665 | D:3      | Found a glowing silver altar of Zin.
  2756 | D:3      | Reached XP level 5. HP: 28/28 MP: 5/12
  3220 | D:4      | Found an iron altar of Okawaru.
  3491 | D:4      | Found a staircase to the Ecumenical Temple.
  3496 | D:4      | Reached skill level 6 in Conjurations
  3588 | D:4      | Learned a level 4 spell: Force Lance
  3615 | D:4      | Reached XP level 6. HP: 32/32 MP: 0/14
  3823 | D:4      | Reached skill level 1 in Translocations
  3857 | D:4      | Slain by a gnoll

Skill      XL: |  1  2  3  4  5  6 |
---------------+-------------------+-----
Stealth        | 3 4 |  4.6
Dodging        | 3 |  3.7
Conjurations   | 5 6 |  6.2
Spellcasting   | 4 |  4.3
Translocations | 1 |  1.0

Action                   |  1- 3 |  4- 6 || total
-------------------------+-------+-------++-------
Melee: Dagger            |     4 |     9 ||    13
       Short sword       |       |    11 ||    11
 Cast: Magic Dart        |    83 |   128 ||   211
       Force Lance       |       |     4 ||     4
  Use: Scroll            |       |     5 ||     5
       Potion            |       |     1 ||     1
 Stab: Sleeping          |     1 |       ||     1
  Eat: Chunk             |     2 |     7 ||     9
Armor: Robe              |     1 |     8 ||     9
Dodge: Dodged            |     9 |    51 ||    60
